 Dungeon Crawl Stone Soup version 0.23-b1-51-gfe822ef6ca (webtiles) character file.

Game seed: 14132200542188295514

28470 Ihlosi the Basher (level 13, 0/86 HPs)
             Began as a Kobold Fighter on Feb 3, 2019.
             Was a Priest of the Shining One.
             Engulfed by an ice statue's freezing vapour (10 damage)
             ... in an ice cave.
             The game lasted 00:57:19 (17940 turns).

Ihlosi the Basher (Kobold Fighter)                 Turns: 17940, Time: 00:57:20

Health: 0/86       AC: 16    Str: 17    XL:     13   Next: 73%
Magic:  5/5        EV: 17    Int: 11    God:    the Shining One [***...]
Gold:   911        SH:  6    Dex: 14    Spells: 10/12 levels left

rFire    + + +     SeeInvis .   b - +7 flail (antimagic)
rCold    + . .     Gourm    .   l - +0 buckler
rNeg     + . .     Faith    .   V - +2 scale mail {rF+}
rPois    +         Spirit   .   d - +1 helmet
rElec    +         Reflect  .   P - +0 cloak
rCorr    +         Harm     .   D - +1 pair of gloves
MR       .....                  (no boots)
Stlth    ..........             k - amulet of regeneration
HPRegen  0.64/turn              n - +4 ring of slaying
MPRegen  0.09/turn              v - ring of protection from fire

@: resistant, hasted, glowing, very quick
A: small, carnivore
a: Divine Shield, Renounce Religion


You were in an ice cave.
You worshipped the Shining One.
The Shining One was most pleased with you.
You were completely stuffed.

You visited 3 branches of the dungeon, and saw 16 of its levels.
You also visited: Ice Cave.

You collected 911 gold pieces.

Inventory:

Hand Weapons
 b - a +7 antimagic flail (weapon)
 B - a +0 hand crossbow
 J - a +0 blowgun
 N - the +6 hand axe "Heun" {speed, rPois rF+ Dex+5}
   (You found it on level 9 of the Dungeon)

   Attacks with this weapon are significantly faster.
   It affects your dexterity (+5).
   It protects you from fire.
   It protects you from poison.
Missiles
 j - 16 tomahawks (quivered)
 o - 6 needles of frenzy
 t - 57 bolts
 x - 3 poisoned tomahawks
 K - 71 poisoned needles
Armour
 d - a +1 helmet (worn)
 l - a +0 buckler (worn)
 D - a +1 pair of gloves (worn)
 P - a +0 cloak (worn)
 V - a +2 scale mail of fire resistance (worn)
Magical Staves
 W - an uncursed staff of earth {unknown}
Jewellery
 k - an amulet of regeneration (around neck)
 n - a +4 ring of slaying (left hand)
 v - a ring of protection from fire (right hand)
Wands
 a - a wand of acid (9)
 C - a wand of polymorph (5)
 R - a wand of paralysis (16)
Scrolls
 i - 8 scrolls of remove curse
 m - 2 scrolls of teleportation
 p - 4 scrolls of immolation
 s - a scroll of identify
 w - a scroll of vulnerability
 z - 2 scrolls of blinking
 A - a scroll of amnesia
 G - a scroll of random uselessness {unknown}
 H - 3 scrolls of enchant armour
 O - a scroll of fear
 S - a scroll of fog
Potions
 c - 3 potions of brilliance
 e - 2 potions of magic
 g - 2 potions of might
 h - a potion of cancellation
 r - a potion of resistance
 E - a potion of haste
 M - a potion of agility
Comestibles
 f - 36 rations
 I - 4 chunks of flesh


   Skills:
 - Level 12.0 Fighting
 - Level 12.0 Maces & Flails
 * Level 8.9 Armour
 * Level 8.8 Dodging
 - Level 6.0 Shields
 - Level 6.1 Evocations


You had 10 spell levels left.
You knew the following spells:

 Your Spells              Type           Power        Failure   Level  Hunger
a - Blink                 Tloc           N/A          83%         2    ###....

Your spell library contained the following spells:

 Spells                   Type           Power        Failure   Level  Hunger
 Magic Dart               Conj           #...         69%         1    ##.....
 Summon Small Mammal      Summ           #...         69%         1    ##.....
 Call Imp                 Summ           #.......     83%         2    ###....
 Slow                     Hex            #.......     83%         2    ###....
 Call Canine Familiar     Summ           #.......     96%         3    ####...
 Conjure Flame            Conj/Fire      #.......     96%         3    ####...
 Mephitic Cloud           Conj/Pois/Air  #.......     96%         3    ####...
 Static Discharge         Conj/Air       #.......     96%         3    ####...
 Summon Guardian Golem    Hex/Summ       #.......     96%         3    ####...
 Summon Ice Beast         Ice/Summ       #.......     100%        4    #####..
 Summon Lightning Spire   Summ/Air       #.......     100%        4    #####..
 Lightning Bolt           Conj/Air       #.........   100%        5    ######.
 Ignition                 Fire           #.........   100%        8    #######
 Shatter                  Erth           #.........   100%        9    #######
 Tornado                  Air            #.........   100%        9    #######


Dungeon Overview and Level Annotations

Branches:
Dungeon (9/15)             Temple (1/1) D:6            Lair (6/6) D:9
  Swamp (0/4) Lair:3        Snake (0/4) Lair:3        Slime (0/5) Lair:5
    Orc (0/2) D:9

Altars:
Ashenzari
Cheibriados
Dithmenos
Elyvilon
Fedhas
Gozag
Hepliaklqana
Kikubaaqudgha
Makhleb
Nemelex Xobeh
Okawaru
Qazlal
Ru
Sif Muna
Trog
Uskayaw
Vehumet
Wu Jian
Xom
Yredelemnul
Zin
The Shining One

Annotations:
D:8 incmplete, 2h ogre
Lair:5 1 runed translucent door IceCv 1 transporter, exclusion: ice statue


Innate Abilities, Weirdness & Mutations

You are small and have problems with some larger weapons.
You are carnivorous and can eat meat at any time.


Message History

The ice statue's magic leaks into the air.
The ice statue is severely damaged.
You are engulfed in freezing vapours.
You resist.
* * * LOW HITPOINT WARNING * * *
The ice beast misses you. x2
Unknown command.
You feel better.
You are engulfed in freezing vapours.
You resist.
* * * LOW HITPOINT WARNING * * *
The ice beast hits you but does no damage. x2
The ice beast barely misses you.
The ice statue falters for a moment.
You feel better.
You are engulfed in freezing vapours.
You resist.
* * * LOW HITPOINT WARNING * * *
The ice beast hits you but does no damage. x2
The ice beast misses you.
The ice statue falters for a moment.
You feel better.
You are engulfed in freezing vapours.
You resist.
* * * LOW HITPOINT WARNING * * *
The ice beast barely misses you. You block the ice beast's attack. x2
Unknown command.
You feel yourself speed up.
You are engulfed in freezing vapours.
You resist.
You die...

#####
####...###
##........##
##..........#
##...........#
#.......8°☼8.#
#.......°@).?#
#.∩.©...YYY○©#
#.........?.$#
#..........8.#
##...........#
##..........#
##........##
####...###
#####


You could see an ice statue and 3 ice beasts.

Vanquished Creatures
  Josephine (Lair:5)
  3 hydras
  6 elephants (Lair:5)
  2 ugly things (IceCv)
  A black mamba (Lair:1)
  An ice statue (IceCv)
  7 spiny frogs
  14 komodo dragons
  A troll (D:9)
  A polar bear (Lair:3)
  Prince Ribbit (D:6)
  A raiju (Lair:3)
  22 blink frogs
  4 dream sheep (Lair:4)
  2 hippogriffs (Lair:2)
  Sigmund (D:2)
  17 yaks
  A spriggan (D:7)
  2 wyverns
  4 wraiths (Lair:5)
  Eustachio (D:6)
  Edmund (D:4)
  4 nagas (Lair:3)
  12 water moccasins
  8 porcupines
  Duvessa (D:6)
  8 ice beasts
  2 phantoms
  2 ogres
  6 wolves
  A centaur (D:9)
  7 crocodiles
  2 big kobolds
  7 bullfrogs
  A gnoll sergeant (D:6)
  Dowan (D:6)
  2 scorpions
  A howler monkey (D:4)
  2 crimson imps
  A bullfrog zombie (D:7)
  3 quasits
  A bullfrog skeleton (D:6)
  5 jellies
  4 hounds
  3 orc wizards
  4 orc priests
  Terence (D:2)
  6 worker ants
  4 iguanas
  A hound skeleton (D:8)
  Robin (D:3)
  A howler monkey skeleton (D:8)
  12 adders
  10 gnolls
  4 shadow imps
  4 oozes
  An adder skeleton (D:4)
  2 worms
  A dart slug (D:4)
  2 leopard geckos (D:4)
  27 orcs
  8 bats
  13 giant cockroaches
  22 goblins
  8 hobgoblins
  12 jackals
  22 kobolds
  2 quokkas
  3 ball pythons
  5 frilled lizards
  A jackal skeleton (D:8)
  A jackal zombie (D:5)
  4 rats
360 creatures vanquished.

Vanquished Creatures (others)
  4 fungi
  5 plants
9 creatures vanquished.

Grand Total: 369 creatures vanquished

Notes
Turn   | Place    | Note
-------+----------+-------------------------------------------
     0 | D:1      | Ihlosi the Kobold Fighter began the quest for the Orb.
     0 | D:1      | Reached XP level 1. HP: 14/14 MP: 1/1
   161 | D:1      | Found a glowing golden altar of the Shining One.
   194 | D:1      | Reached XP level 2. HP: 14/19 MP: 2/2
   896 | D:1      | Reached XP level 3. HP: 21/23 MP: 3/3
  1559 | D:2      | Noticed Sigmund
  1569 | D:2      | Killed Sigmund
  1569 | D:2      | Reached skill level 1 in Dodging
  1569 | D:2      | Reached XP level 4. HP: 5/29 MP: 4/4
  1569 | D:2      | Reached XP level 5. HP: 6/33 MP: 5/5
  1569 | D:2      | Reached XP level 6. HP: 7/38 MP: 6/6
  1864 | D:2      | Noticed Terence
  2678 | D:2      | Killed Terence
  2745 | D:3      | Noticed an ogre
  2784 | D:3      | Found a blossoming altar of Fedhas.
  3102 | D:3      | Found a deep blue altar of Sif Muna.
  3104 | D:3      | Found a bloodstained altar of Trog.
  3572 | D:3      | Noticed Robin
  3684 | D:3      | Killed Robin
  4552 | D:3      | Found a bloodstained altar of Trog.
  4552 | D:3      | Found a deep blue altar of Sif Muna.
  4671 | D:3      | HP: 1/38 [ogre/+0 giant spiked club (13)]
  4674 | D:3      | Killed an ogre
  4674 | D:3      | Reached XP level 7. HP: 1/44 MP: 7/7
  4993 | D:4      | Found a shadowy altar of Dithmenos.
  4995 | D:4      | Noticed Edmund
  5722 | D:5      | Entered Level 5 of the Dungeon
  6025 | D:5      | Found a white marble altar of Elyvilon.
  6031 | D:5      | Noticed a water moccasin
  6050 | D:5      | Killed a water moccasin
  6051 | D:5      | Reached XP level 8. HP: 31/48 MP: 8/8
  6156 | D:5      | Reached skill level 5 in Maces & Flails
  6773 | D:5      | Found a sacrificial altar of Ru.
  6832 | D:5      | Reached skill level 5 in Fighting
  6916 | D:5      | Got a pitted leather armour
  6927 | D:5      | Identified the cursed +0 leather armour of the Five Yaks
                  | {Dex+4 Stlth+} (You found it on level 5 of the Dungeon)
  7068 | D:6      | Found a staircase to the Ecumenical Temple.
  7068 | D:6      | Noticed Duvessa
  7068 | D:6      | Noticed Dowan
  7653 | D:4      | Killed Edmund
  7813 | D:4      | Found a white marble altar of Elyvilon.
  7982 | D:6      | Killed Duvessa
  7991 | D:6      | Killed Dowan
  7991 | D:6      | Reached XP level 9. HP: 52/54 MP: 3/9
  8344 | D:6      | Noticed Prince Ribbit
  8351 | D:6      | Killed Prince Ribbit
  8474 | D:6      | Noticed Eustachio
  8485 | D:6      | Killed Eustachio
  8485 | D:6      | Reached skill level 5 in Armour
  8504 | D:6      | Noticed Blork the orc
  8746 | Temple   | Entered the Ecumenical Temple
  8896 | Temple   | Became a worshipper of the Shining One
  9132 | D:6      | Noticed Blork
  9132 | D:6      | Blork the orc changed into Blork the iguana
  9136 | D:6      | Killed Blork the iguana
  9374 | D:7      | Got a distressingly furry robe
  9845 | D:8      | Reached XP level 10. HP: 57/61 MP: 3/10
  9976 | D:8      | Reached skill level 5 in Dodging
 10058 | D:8      | Reached * piety under the Shining One
 10184 | D:8      | Noticed a two-headed ogre
 10263 | D:9      | Found a staircase to the Lair.
 10548 | D:9      | Got a pitted hand axe
 10570 | D:9      | Identified the +6 hand axe "Heun" {speed, rPois rF+ Dex+5}
                  | (You found it on level 9 of the Dungeon)
 10586 | D:9      | Reached skill level 1 in Evocations
 10716 | D:9      | Found a staircase to the Orcish Mines.
 10744 | D:9      | Noticed a white ugly thing
 10821 | Lair:1   | Entered Level 1 of the Lair of Beasts
 10983 | Lair:1   | Noticed a komodo dragon
 10990 | Lair:1   | Killed a komodo dragon
 10990 | Lair:1   | Reached skill level 5 in Shields
 11199 | Lair:1   | Noticed a black mamba
 11208 | Lair:1   | Killed a black mamba
 11208 | Lair:1   | Reached XP level 11. HP: 60/67 MP: 3/13
 11761 | Lair:2   | Reached skill level 10 in Maces & Flails
 12066 | Lair:2   | Reached ** piety under the Shining One
 12068 | Lair:2   | Noticed a seven-headed hydra
 12521 | Lair:2   | Reached XP level 12. HP: 12/76 MP: 5/15
 12709 | Lair:2   | Reached skill level 5 in Evocations
 13667 | Lair:3   | Learned a level 2 spell: Blink
 13719 | Lair:3   | Found a staircase to the Snake Pit.
 13864 | Lair:3   | Found a staircase to the Swamp.
 14054 | Lair:3   | Identified the cursed +1 robe of the Loofah {rElec MR+
                  | rCorr} (You found it on level 7 of the Dungeon)
 14814 | Lair:2   | Killed a seven-headed hydra
 14814 | Lair:2   | Reached skill level 10 in Fighting
 15256 | Lair:4   | Noticed a four-headed hydra
 15265 | Lair:4   | Killed a four-headed hydra
 15591 | Lair:4   | Reached XP level 13. HP: 83/83 MP: 5/17
 15800 | Lair:4   | Noticed a seven-headed hydra
 15818 | Lair:4   | Killed a seven-headed hydra
 16520 | Lair:5   | Found a staircase to the Slime Pits.
 16702 | Lair:5   | Found a runed translucent door.
 16705 | Lair:5   | Noticed a four-headed hydra
 16751 | Lair:5   | Noticed Josephine
 16772 | Lair:5   | Killed Josephine
 16777 | Lair:5   | Reached *** piety under the Shining One
 17687 | Lair:6   | Entered Level 6 of the Lair of Beasts
 17766 | Lair:6   | Found a frozen archway.
 17811 | IceCv    | Entered an ice cave
 17835 | IceCv    | Found a transporter.
 17910 | IceCv    | Found a transporter.
 17940 | IceCv    | Engulfed by an ice statue's freezing vapour

Skill      XL: |  1  2  3  4  5  6  7  8  9 10 11 12 13 |
---------------+----------------------------------------+-----
Maces & Flails | 3 4 6 7 9 11 12 | 12.0
Fighting       | 4 5 6 7 9 10 12 | 12.0
Armour         | 3 4 5 6 7 8 |  8.9
Dodging        | 1 2 3 4 6 7 8 |  8.8
Shields        | 3 4 5 6 |  6.0
Evocations     | 2 4 6 |  6.1

Action                   |  1- 3 |  4- 6 |  7- 9 | 10-12 | 13-15 || total
-------------------------+-------+-------+-------+-------+-------++-------
Melee: Flail             |   125 |   251 |   434 |   483 |   245 ||  1538
       Hand axe          |       |       |       |    21 |       ||    21
Throw: Tomahawk          |       |     1 |     6 |     3 |     2 ||    12
Evoke: Wand              |       |       |     7 |    18 |     1 ||    26
  Use: Potion            |     2 |     3 |     1 |     3 |    10 ||    19
       Scroll            |       |     8 |     6 |     8 |    11 ||    33
  Eat: Chunk             |     7 |     9 |    21 |    18 |     9 ||    64
Armor: Scale mail        |    43 |    94 |   122 |   135 |    75 ||   469
Dodge: Dodged            |    49 |   220 |   246 |   327 |   153 ||   995
Block: Shield            |    49 |       |       |       |       ||    49
       Buckler           |    11 |    89 |   137 |   159 |    73 ||   469
